 Dungeon Crawl Stone Soup version 0.18.1-50-g88ac8fd (webtiles) character file.

133 spiff the Insei (level 5, 0/25 HPs)
             Began as a Vine Stalker Transmuter on Sept 27, 2016.
             Was an Initiate of Cheibriados.
             Slain by a river rat (8 damage)
             ... on level 3 of the Dungeon.
             The game lasted 00:07:00 (2022 turns).

spiff the Insei (Vine Stalker Transmuter)           Turns: 2022, Time: 00:07:01

Health: 0/25       AC:  2    Str: 15    XL:     5   Next: 16%
Magic:  0/9        EV: 12    Int: 14    God:    Cheibriados [......]
Gold:   80         SH:  0    Dex: 15    Spells: 2 memorised, 5 levels left

rFire  . . .     SeeInvis .       - Unarmed
rCold  . . .     Gourm    .     b - +0 robe
rNeg   . . .     Faith    .     (no shield)
rPois  .         Spirit   +     (no helmet)
rElec  .         Dismiss  .     (no cloak)
rCorr  .         Reflect  .     (no gloves)
SustAt .         Harm     .     (no boots)
MR     .....                    (no amulet)
Stlth  ++........               (no ring)
                                l - ring of wizardry

@: very slow, not resistant to hostile enchantments, unstealthy
A: fangs 2, regeneration 1, magic shield, antimagic bite, no device heal 3, rot
immunity
a: Bend Time, Renounce Religion


You were on level 3 of the Dungeon.
You worshipped Cheibriados.
Cheibriados was noncommittal.
You were hungry.

You visited 1 branch of the dungeon, and saw 3 of its levels.

You collected 80 gold pieces.

Inventory:

Missiles
 a - 29 arrows
Armour
 b - a +0 robe (worn)
Jewellery
 l - a ring of wizardry (left hand)
Scrolls
 h - a scroll of magic mapping
 i - a scroll of recharging {unknown}
 j - a scroll of random uselessness {unknown}
 o - a scroll of remove curse {unknown}
 p - a scroll of enchant armour {unknown}
Potions
 e - a potion of berserk rage
 g - a potion of mutation {unknown}
 k - a potion of might {unknown}
 m - a potion of flight {unknown}
 n - 2 potions of agility {unknown}
Books
 c - a book of Changes

   Spells                             Type                      Level
   a - Beastly Appendage              Transmutation                1
   b - Sticks to Snakes               Transmutation                2
   c - Spider Form                    Transmutation/Poison         3
   d - Ice Form                       Ice/Transmutation            4
   e - Blade Hands                    Transmutation                5
Comestibles
 d - 2 bread rations
 f - a slice of pizza
 q - a chunk of flesh


   Skills:
 - Level 0.8 Fighting
 - Level 1.5 Dodging
 - Level 0.6 Stealth
 + Level 4.8 Unarmed Combat
 - Level 2.1 Spellcasting
 + Level 3.4 Transmutations


You had 5 spell levels left.
You knew the following spells:

 Your Spells              Type           Power        Failure   Level  Hunger
a - Beastly Appendage     Trmt           ##....       2%          1    #......
q - Sticks to Snakes      Trmt           ##......     4%          2    ###....


Dungeon Overview and Level Annotations

Branches:
Dungeon (3/15)

Altars:
Cheibriados
Fedhas
Yredelemnul

Portals:
Sewer: D:3


Innate Abilities, Weirdness & Mutations

You have extremely sharp teeth.
Your natural rate of healing is unusually fast.
When hurt, damage is shared between your health and your magic reserves.
Your bite disrupts and absorbs the magic of your enemies.
Potions and wands cannot restore your health.
You are immune to rotting.


Message History

You hit the river rat but do no damage. Your bite misses the river rat.
The river rat is heavily wounded.
The river rat bites you!
The ball python bites you but does no damage.
The ball python grabs you. The ball python constricts you.
You escape the ball python's grasp.
The river rat bites you.
* * * LOW HITPOINT WARNING * * *
Found a scroll labeled AREFRI VOORA.
Your transformation is almost over.
The river rat barely misses you.
You hit the river rat but do no damage.
The river rat is heavily wounded.
The river rat bites you.
* * * LOW HITPOINT WARNING * * *
Found 10 gold pieces.
You are feeling hungry.
The river rat closely misses you.
Your horns disappear.
The river rat bites you!
You die...

,,,* *,#≈≈≈≈#.....>#*,,,,,*
*,*,
,.,***,#≈≈≈≈#..#####,,,,,,*
*,*, ,..,,*,#≈≈∩≈#..#
*,,,,,,* *,,,
,...,#,#≈≈≈≈#..# *,,,****
****
,....#.#≈rr≈#..####*,,,*
,......##†###.....#*,,,*
**,,#.........###.#*,,,* *
*,,#.##.####.#.#.######***
*
*,,#....r.rr.Sr@.......,,*
***
****#########.#.#.######*,*
*,, ,,,,* *.......#,,,,,*,*
***
,,,,******#.#.......,**,*,*
*
,**,,,,,,......#.####**,*,*
*
,**,****###.#.....$,,,,,*,*
* ,,,,<*
#.#..#.###*****,*******
,,*,**
#,#..#..,,,,,,*,,,,,,,,
,,,,*
*,**,****,*************


You could see 2 river rats, a ball python and 2 rats.

Vanquished Creatures
  An orc wizard (D:3)
  3 adders
  A gnoll (D:1)
  An ooze (D:1)
  3 worms (D:2)
  4 dart slugs
  A giant gecko (D:1)
  2 orcs (D:3)
  A giant cockroach (D:1)
  8 hobgoblins
  A quokka (D:2)
  5 bats
  3 giant newts
  5 goblins
  2 kobolds
  6 rats
47 creatures vanquished.

Notes
Turn   | Place    | Note
--------------------------------------------------------------
     0 | D:1      | spiff the Vine Stalker Transmuter began the quest for the Orb.
     0 | D:1      | Reached XP level 1. HP: 9/9 MP: 4/4
    53 | D:1      | Reached XP level 2. HP: 14/14 MP: 4/6
   266 | D:1      | Learned a level 2 spell: Sticks to Snakes
   424 | D:1      | Reached XP level 3. HP: 17/17 MP: 5/7
   542 | D:1      | Reached skill level 4 in Unarmed Combat
  1102 | D:2      | Found a snail-covered altar of Cheibriados.
  1112 | D:2      | Became a worshipper of Cheibriados the Contemplative
  1120 | D:2      | Found a blossoming altar of Fedhas.
  1142 | D:2      | Reached XP level 4. HP: 21/21 MP: 8/8
  1380 | D:2      | Found a basalt altar of Yredelemnul.
  1961 | D:3      | Reached XP level 5. HP: 18/25 MP: 7/9
  1996 | D:3      | Found a glowing drain.
  2022 | D:3      | Slain by a river rat

Skill      XL: |  1  2  3  4 |
---------------+-------------+-----
Unarmed Combat | 4 |  4.8
Transmutations | 3 |  3.4
Fighting       | |  0.8
Dodging        | |  1.5
Stealth        | |  0.6
Spellcasting   | |  2.1

Action                   |  1- 3 |  4- 6 || total
-------------------------+-------+-------++-------
Melee: Unarmed           |    91 |    65 ||   156
       Bite              |    18 |    18 ||    36
       Headbutt          |     3 |     6 ||     9
       Kick              |     5 |     9 ||    14
       Punch             |     1 |       ||     1
 Cast: Beastly Appendage |    12 |     6 ||    18
       Sticks to Snakes  |     1 |       ||     1
  Use: Scroll            |     3 |     1 ||     4
       Potion            |     2 |       ||     2
 Stab: Sleeping          |     3 |     2 ||     5
  Eat: Chunk             |     2 |     3 ||     5
Armor: Robe              |    11 |     7 ||    18
Dodge: Dodged            |    68 |    27 ||    95
